 Dungeon Crawl Stone Soup version 0.20-a0-633-gff4aa5c (webtiles) character file.

105 AlphabetPasta the Charmwright (level 4, -2/39 HPs)
             Began as a Naga Skald on Feb 11, 2017.
             Slain by a gnoll
             ... wielding a +0 halberd
              (11 damage)
             ... on level 2 of the Dungeon.
             The game lasted 00:12:30 (1843 turns).

AlphabetPasta the Charmwright (Naga Skald)          Turns: 1843, Time: 00:12:31

Health: -2/39      AC:  2    Str: 14    XL:     4   Next: 83%
Magic:  7/7        EV:  9    Int: 13    God:
Gold:   149        SH:  0    Dex: 11    Spells: 2/7 levels left

rFire    + . .     SeeInvis +   a - +0 hand axe
rCold    + . .     Gourm    +   b - +0 leather armour
rNeg     . . .     Faith    .   (no shield)
rPois    +         Spirit   .   (no helmet)
rElec    +         Reflect  .   (no cloak)
rCorr    +         Harm     .   (no gloves)
MR       .....                  (no barding)
Stlth    +.........             h - amulet of the gourmand
Regen    0.2/turn               (no ring)
                                (no ring)

@: resistant, very slow
A: see invisible, deformed body, poison resistance, slowness 2, slow metabolism
1, spit poison 1, AC +1
a: Spit Poison


You were on level 2 of the Dungeon.
You were completely stuffed.

You visited 1 branch of the dungeon, and saw 2 of its levels.

You collected 149 gold pieces.

Inventory:

Hand Weapons
 a - a +0 hand axe (weapon)
 j - a +0 flail
Armour
 b - a +0 leather armour (worn)
Jewellery
 h - an amulet of the gourmand (around neck)
Wands
 g - a wand of lightning (8/15)
Scrolls
 i - a scroll of remove curse
Potions
 e - 2 potions of flight
Books
 c - a book of Battle

   Spells                             Type                      Level
   a - Infusion                       Charms                       1
   b - Shroud of Golubria             Charms/Translocation         2
   c - Song of Slaying                Charms                       2
   d - Spectral Weapon                Hexes/Charms                 3
   e - Regeneration                   Charms/Necromancy            3
Comestibles
 d - a bread ration
 f - a royal jelly
 k - 4 fruits
 l - 2 chunks of flesh
 p - a meat ration


   Skills:
 + Level 2.2 Fighting
 * Level 3.1 Axes
 + Level 1.2 Armour
 + Level 1.6 Dodging
 + Level 2.3 Spellcasting
 * Level 3.7 Charms
 + Level 1.2 Translocations
 + Level 0.6 Evocations


You had 2 spell levels left.
You knew the following spells:

 Your Spells              Type           Power        Failure   Level  Hunger
a - Infusion              Chrm           ##..         10%         1    #......
b - Song of Slaying       Chrm           ##......     12%         2    ###....
c - Shroud of Golubria    Chrm/Tloc      #.........   17%         2    ###....


Dungeon Overview and Level Annotations

Branches:
Dungeon (2/15)

Altars:

Annotations:
D:2 Terence


Innate Abilities, Weirdness & Mutations

You cannot wear boots.
Your serpentine skin is tough. (AC +1)
You have supernaturally acute eyesight. (SInv)
Armour fits poorly on your strangely shaped body.
Your system is resistant to poisons. (rPois)
You cover ground very slowly.
You have a slow metabolism.
You can spit poison.


Message History

It was a potion of resistance.
You feel protected. The gnoll hits you with a spear.
* * * LOW HITPOINT WARNING * * *
You feel better. The gnoll hits you with a spear.
You slash the gnoll!
The gnoll is heavily wounded.
The gnoll hits you with a spear.
* * * LOW HITPOINT WARNING * * *
You hit the gnoll.
You kill the gnoll!
As you read the scroll labeled SUOQOZYOMM, it crumbles to dust.
You feel aware of your surroundings.
You sensed 1 altar.
It was a scroll of magic mapping.
You have got your breath back.
The gnoll barely misses you.
You closely miss the gnoll. The gnoll closely misses you.
You hit the gnoll but do no damage. The gnoll closely misses you.
You closely miss the gnoll. The gnoll hits you with a halberd!
You die...

***,,,,##.##.#.≈≈.#..#.###
*,,,,,,*#.###..≈≈.##.#....
**,*,,*,##.#.##.≈≈.##.####.
*,,*,,,*#.##.##.≈≈.##.####.
***,**,,,,#.###.#.≈≈.#8.#....
*,,,**,,,*#.###)#÷≈≈.#).#....
*,***#..*.##.#.##.≈≈.##.#####
**,* #..,.*##.###.≈≈.##.#,,,,
****,,* #..,.##@## #.≈≈.##.#,,,,
,,,,,,* #..#.#g## #.≈≈.#8.#,,,,
,,,,,,* #...###.## #.≈≈.#..#,,,,
,,,,,,* #....###.# #.≈≈.##.#,,,,
,,,,,,* #....# #g# #.≈≈.##.#,,,,
,,,,,,* #....###.###.≈≈.##.#,,,,
,,,,,.####....##.#.##.≈≈.#8.#,,,,
,,,,,......#.##g###.#.≈≈.#..#,,,,
**,**####....J†####.#.≈≈.##'#,,,,


You could see a gnoll.

Vanquished Creatures
  4 gnolls
  An adder (D:2)
  A worm (D:2)
  A dart slug (D:2)
  2 leopard geckos (D:2)
  7 bats
  3 giant cockroaches (D:1)
  6 goblins
  2 hobgoblins (D:2)
  6 jackals (D:2)
  3 ball pythons (D:1)
  5 frilled lizards
  4 kobolds
  7 rats
52 creatures vanquished.

Notes
Turn   | Place    | Note
-------+----------+-------------------------------------------
     0 | D:1      | AlphabetPasta the Naga Skald began the quest for the Orb.
     0 | D:1      | Reached XP level 1. HP: 19/19 MP: 3/3
   127 | D:1      | Reached XP level 2. HP: 23/26 MP: 5/5
   131 | D:1      | Learned a level 2 spell: Song of Slaying
   134 | D:1      | Learned a level 2 spell: Shroud of Golubria
   698 | D:1      | Reached XP level 3. HP: 32/32 MP: 6/6
   986 | D:2      | Reached skill level 1 in Armour
   986 | D:2      | Reached XP level 4. HP: 7/39 MP: 7/7
  1308 | D:2      | Noticed Terence
  1497 | D:2      | Reached skill level 1 in Translocations
  1843 | D:2      | Slain by a gnoll

Vault maps used:
D:1:      minmay_arrival_loop, serial_co_window_serial,
          co_window_of_opportunity_a, co_window_paths_a, co_window_corner_a,
          co_window_paths_b, co_window_paths_a, co_window_2corner,
          co_window_broadway_a, co_window_corner_cb, co_window_corner_ca,
          co_window_of_opportunity_c, co_window_corner_b,
          co_window_unsneaky_path_d, glass_columns_b, glass_columns_a,
          glass_columns_a
D:2:      wad_river_or_something, lemuel_crystal_altar, uniq_terence

Skill      XL: |  1  2  3  4 |
---------------+-------------+-----
Armour         | 1 |  1.2
Translocations | 1 |  1.2
Axes           | 3 |  3.1
Fighting       | |  2.2
Dodging        | |  1.6
Spellcasting   | |  2.3
Charms         | |  3.7
Evocations     | |  0.6

Action                   |  1- 3 |  4- 6 || total
-------------------------+-------+-------++-------
Melee: Hand axe          |    59 |    51 ||   110
 Cast: Infusion          |       |     1 ||     1
 Abil: Spit Poison       |    31 |    21 ||    52
  Use: Scroll            |     2 |     3 ||     5
       Potion            |     1 |     3 ||     4
 Stab: Sleeping          |       |     1 ||     1
  Eat: Chunk             |    11 |     6 ||    17
Armor: Leather armour    |    25 |    22 ||    47
Dodge: Dodged            |    39 |    35 ||    74
